 Dungeon Crawl Stone Soup version 0.30-a0-639-g3916f1956a (webtiles) character file.

Game seed: 2147948518466561893

56 Vylera the Magician (level 4, -2/31 HPs)
             Began as a Djinni Ice Elementalist on Jan 16, 2023.
             Slain by a gnoll
             ... wielding a +0 halberd
              (6 damage)
             ... on level 2 of the Dungeon.
             The game lasted 00:03:55 (1332 turns).

Vylera the Magician (Djinni Ice Elementalist)       Turns: 1332, Time: 00:03:55

Health: -2/31      AC:  2    Str:  7    XL:     4   Next: 17%
Gold:   81         EV: 12    Int: 18    God:
                   SH:  0    Dex: 14

rFire   + + .      SeeInvis .    a - +4 sling
rCold   x . .      Faith    .    (no shield)
rNeg    . . .      Spirit   .    m - +0 robe
rPois   ∞          Reflect  .    (no helmet)
rElec   .          Harm     .    (no cloak)
rCorr   .          Rampage  .    (no gloves)
Will    .....                    (boots unavailable)
Stlth   ++                       (no amulet)
HPRegen 0.25/turn                (no ring)
MPRegen 0.00/turn                (no ring)

@: flying
A: sickness immunity, fire resistance 2, cold vulnerability 1, float, innate
caster, HP casting, extra vitality 1
a: no special abilities


You were on level 2 of the Dungeon.
You visited 1 branch of the dungeon, and saw 2 of its levels.

You collected 81 gold pieces.

Inventory:

Hand Weapons
 a - a +4 sling (weapon)
 b - a +0 short sword
Armour
 m - a +0 robe (worn)
Scrolls
 c - 2 scrolls of brand weapon {unknown}
 e - a scroll of teleportation {unknown}
 f - a scroll of fog {unknown}
 i - a scroll of acquirement {unknown}
 j - 6 scrolls of identify {unknown}
 l - a scroll of vulnerability {unknown}
 n - a scroll of immolation {unknown}
Potions
 d - a potion of magic
 g - a potion of might {unknown}
 h - a potion of heal wounds {unknown}
 k - a potion of haste {unknown}


   Skills:
 - Level 2.1 Dodging
 - Level 1.5 Stealth
 * Level 4.3 Spellcasting


You couldn't memorise any spells.
You knew the following spells:

 Your Spells              Type           Power      Damage    Failure   Level
a - Freeze                Ice            76%        1d8       2%          1
b - Frozen Ramparts       Ice            38%        1d6       7%          3
c - Ozocubu's Armour      Ice            19%        N/A       7%          3
d - Summon Ice Beast      Ice/Summ       19%        N/A       24%         4
e - Summon Small Mammal   Summ           76%        N/A       2%          1
Your spell library was empty.

Dungeon Overview and Level Annotations

Branches:
Dungeon (2/15)

Altars:


Innate Abilities, Weirdness & Mutations

You are immune to sickness and miasma.
You are immune to poison.
Your flesh is very heat resistant. (rF++)
You are vulnerable to cold. (rC-)
You float through the air rather than walking.
You learn spells naturally, not from books.
Your magical power is your life essence.
You have superior vitality. (+4 MHP)


Message History

You freeze the gnoll.
The gnoll is severely wounded.
The gnoll shouts!
The gnoll misses you. The gnoll completely misses you.
Casting: Freeze (safe; 2% risk of failure)
Confirm with . or Enter, or press ? or * to list all spells.
The spell is quite dangerous to miscast (8% risk of failure)!
Continue anyway?
Casting: Frozen Ramparts (quite dangerous; 8% risk of failure)
Press: ? - help, Dir - look around, f - activate The walls around you are covered in ice.
The wall freezes the gnoll.
The gnoll hits you with a +0 whip!
You shoot a sling bullet. The sling bullet hits the gnoll.
You kill the gnoll!
You have reached level 4!
You feel agile.
You shoot a sling bullet.
The sling bullet closely misses the gnoll.
The wall freezes the gnoll but does no damage.
The wall freezes the gnoll.
The gnoll hits you from afar with a +0 halberd.
The wall freezes the gnoll.
The gnoll misses you.
You shoot a sling bullet. The sling bullet hits the gnoll.
The gnoll is heavily wounded.
The wall freezes the gnoll but does no damage.
The gnoll hits you with a +0 flail!
* * * LOW HITPOINT WARNING * * *
The wall freezes the gnoll.
The gnoll hits you from afar with a +0 halberd.
* * * LOW HITPOINT WARNING * * *
You are too injured to fight recklessly!
Fire: a) +4 sling
Press: ? - help, Q - select action, (/) - cycle Shift-Dir - straight line, f/p - gnoll
Aim: a gnoll, wielding a +0 flail (heavily wounded, 64% to hit)
You shoot a sling bullet. The sling bullet hits the gnoll.
The gnoll is severely wounded.
The frozen ramparts melt away.
The gnoll misses you. The gnoll closely misses you.
The gnoll hits you from afar with a +0 halberd.
You die...

...............#.#
# #...†.........#
#.........#####
#.#'#######
..###.#.####
..g.g.#....#
#....g.##.#
#.#..#g# # ####@#
#....# #.##.# #
###


You could see 2 gnolls.

Vanquished Creatures
  A gnoll (D:2)
  A worm (D:2)
  A dart slug (D:1)
  7 ball pythons
  2 endoplasms (D:1)
  5 hobgoblins
  3 quokkas
  4 bats
  2 frilled lizards
  6 goblins
  2 kobolds (D:1)
  6 rats
40 creatures vanquished.

Vanquished Creatures (collateral kills)
  A bat (D:1)
1 creature vanquished.

Grand Total: 41 creatures vanquished

Notes
Turn   | Place    | Note
-------+----------+-------------------------------------------
     0 | D:1      | Vylera the Djinni Ice Elementalist began the quest for the
                  | Orb.
     0 | D:1      | Vylera set off with the following spells memorised: Freeze,
                  | Frozen Ramparts, Ozocubu's Armour, Summon Ice Beast.
     0 | D:1      | Reached XP level 1. HP: 15/15 MP: 0/0
    56 | D:1      | Reached XP level 2. HP: 1/21 MP: 0/0
   452 | D:1      | Reached XP level 3. HP: 10/25 MP: 0/0
   452 | D:1      | Learned a level 1 spell: Summon Small Mammal
   601 | D:1      | Reached skill level 4 in Spellcasting
  1330 | D:2      | Reached XP level 4. HP: 19/31 MP: 0/0
  1332 | D:2      | Slain by a gnoll

Illustrated notes

Levels and vault maps discovered:
D:1:      wheals_arrival_linesprint, layout_basic, minmay_misc_feat_iff
D:2:      layout_basic

Skill      XL: |  1  2  3 |
---------------+----------+-----
Spellcasting   | 4 |  4.3
Dodging        | |  2.1
Stealth        | |  1.5

Action                   |  1- 3 |  4- 6 || total
-------------------------+-------+-------++-------
Melee: Unarmed           |     2 |       ||     2
       Short sword       |    18 |       ||    18
 Fire: Sling             |    36 |     3 ||    39
 Cast: Freeze            |    37 |       ||    37
       Summon Small Mamm |     1 |       ||     1
       Frozen Ramparts   |     1 |       ||     1
 Stab: Sleeping          |     2 |       ||     2
Armor: Robe              |    15 |       ||    15
Dodge: Dodged            |    33 |     3 ||    36

Table legend: (Time is in decaauts)
 A = Elapsed time spent in this place.
 B = Non-inter-level travel time spent in this place.
 C = Inter-level travel time spent in this place.
 D = Time resting spent in this place.
 E = Time spent auto-exploring this place.
 F = Levels seen in this place.
 G = Mean time per level.
                   A        B        C        D        E       F      G
               +--------+--------+--------+--------+--------+-----+--------+
         Total |   1346 |   1280 |     66 |     84 |    956 |   2 |  673.0 |
       Dungeon |   1346 |   1280 |     66 |     84 |    956 |   2 |  673.0 |
               +--------+--------+--------+--------+--------+-----+--------+

Top non-repeatable levels by time:
     D:1: 969 daAuts
     D:2: 376 daAuts
